 Dungeon Crawl Stone Soup version 0.14-a0-3367-g7c2a7eb (webtiles) character file.

190 Quh the Slasher (level 5, -9/47 HPs)
             Began as a Hill Orc Fighter on Mar 19, 2014.
             Was an Initiate of Okawaru.
             Killed by divine providence
             ... invoked by an orc priest
              (15 damage)
             ... on Level 3 of the Dungeon.
             The game lasted 00:11:55 (2194 turns).

Quh the Slasher (Hill Orc Fighter)                  Turns: 2194, Time: 00:11:55

HP  -9/47        AC 10     Str 20      XL: 5   Next: 12%
MP   5/5         EV  5     Int  8      God: Okawaru [......]
Gold 62          SH 18     Dex 10      Spells:  0 memorised,  4 levels left

rFire  . . .     SeeInvis .     a - +0 long sword
rCold  . . .     Clarity  .     o - +0 chain mail (curse)
rNeg   . . .     Conserve .     c - +0 shield
rPois  .         rCorr    .     (no helmet)
rElec  .         rRot     .     (no cloak)
SustAb . .       Spirit   .     (no gloves)
rMut   .         Warding  .     C - +0 pair of boots
Saprov + . .     Rnd*Tele +     (no amulet)
MR     .....                    (no ring)
                                i - cursed ring of teleportation

@: not resistant to hostile enchantments, extremely unstealthy
A: saprovore 1
a: Renounce Religion, Convert to Beogh, Evoke Teleportation


You were on level 3 of the Dungeon.
You worshipped Okawaru.
Okawaru was noncommittal.
You were not hungry.

You visited 1 branch of the dungeon, and saw 3 of its levels.

You collected 62 gold pieces.

Inventory:

Hand weapons
 a - a +0,+0 long sword (weapon)
 v - a +0,+2 dagger of speed
Missiles
 H - 14 arrows
Armour
 b - a +0 scale mail
 c - a +0 shield (worn)
 n - a +0 leather armour
 o - a cursed +0 chain mail (worn)
 C - a +0 pair of boots (worn)
Comestibles
 d - a meat ration
 f - 12 strawberries
 k - 2 rotting chunks of worm flesh
 t - an apple
 w - a bread ration
 B - a rotting chunk of bat flesh
 G - a chunk of orc flesh
Scrolls
 g - a scroll of blinking {unknown}
 s - a scroll of fog {unknown}
 x - a scroll of teleportation {unknown}
 y - a scroll of amnesia {unknown}
 A - a scroll of recharging {unknown}
 D - a scroll of remove curse {unknown}
 E - a scroll of magic mapping {unknown}
 F - a scroll of random uselessness {unknown}
 I - a scroll of identify
Jewellery
 i - a cursed ring of teleportation (left hand)
Potions
 e - a potion of might
 h - 3 potions of brilliance
 j - a potion of curing
 l - a potion of invisibility {unknown}
 m - 2 potions of flight {unknown}
 p - 2 potions of restore abilities
 q - a potion of resistance {unknown}
 z - a potion of poison {unknown}
Books
 r - a book of Unlife

   Spells                             Type                      Level
   Recall                             Summoning/Translocation      3
   Animate Dead                       Necromancy                   4
   Control Undead                     Necromancy                   4
   Twisted Resurrection               Necromancy                   5
   Death Channel                      Necromancy                   6
   Simulacrum                         Ice/Necromancy               6


   Skills:
 + Level 4.7 Fighting
 * Level 4.9 Long Blades
 - Level 3.2 Armour
 - Level 3.2 Shields


You had 4 spell levels left.
You didn't know any spells.

Dungeon Overview and Level Annotations

Branches:
Dungeon (3/15)

Altars:
Dithmenos
Elyvilon
Okawaru


Innate Abilities, Weirdness & Mutations

You can tolerate rotten meat.


Message History

Pain shoots through your body!
* * * LOW HITPOINT WARNING * * *
You hit the orc priest but do no damage.
You block the orc priest's attack.
The orc priest looks braver.
You hit the orc priest.
The orc priest is lightly wounded.
The orc priest prays to Beogh.
You feel a wave of unholy energy pass over you.
You hit the orc priest.
The orc priest is heavily wounded.
The orc priest hits you but does no damage.
You hit the orc priest.
The orc priest is severely wounded.
The orc priest barely misses you.
You barely miss the orc priest.
The orc priest is severely wounded.
The orc priest invokes the aid of Beogh against you.
Something smites you!
You die...

####################
#...................
#............#######
#............#######
#..........[..)....#
#......<.....#####.#
###)######.#######.#
#@# #..........
#o######.###.....#
#.#.......##.....#
#.#...............
#.#.......##.....#
#.#.......##.....#
#.####.(.....%...#
#.# #.....#......
#.# #.....#.....#


You could see an orc priest.

Vanquished Creatures
  An orc wizard (D:3)
  Ijyb (D:2)
  2 adders
  A gnoll (D:1)
  A worm (D:3)
  A giant gecko (D:1)
  An ooze (D:3)
  4 orcs (D:3)
  A ball python (D:3)
  4 giant cockroaches
  6 goblins
  2 hobgoblins
  3 jackals (D:3)
  4 bats
  5 giant newts
  5 kobolds
  4 rats
46 creatures vanquished.

Notes
Turn   | Place    | Note
--------------------------------------------------------------
     0 | D:1      | Quh, the Hill Orc Fighter, began the quest for the Orb.
     0 | D:1      | Reached XP level 1. HP: 19/19 MP: 1/1
   132 | D:1      | Reached XP level 2. HP: 20/27 MP: 2/2
   616 | D:1      | Reached skill level 4 in Fighting
   738 | D:1      | Reached XP level 3. HP: 31/33 MP: 3/3
   872 | D:2      | Noticed Ijyb
   889 | D:2      | Killed Ijyb
   913 | D:2      | Found a shadowy altar of Dithmenos.
   915 | D:2      | Found a white marble altar of Elyvilon.
  1251 | D:2      | Found an iron altar of Okawaru.
  1259 | D:2      | Became a worshipper of Warmaster Okawaru
  1329 | D:2      | Reached XP level 4. HP: 15/41 MP: 4/4
  2186 | D:3      | Reached XP level 5. HP: 9/47 MP: 5/5
  2194 | D:3      | Killed from afar by an orc priest

Action                   |  1- 3 |  4- 6 || total
-------------------------+-------+-------++-------
Melee: Long sword        |   111 |    88 ||   199
  Use: Scroll            |       |     3 ||     3
       Potion            |       |     1 ||     1
